 Dungeon Crawl Stone Soup version 0.20.2-3-g29329e0561 (webtiles) character file.

100 Alfie the Skirmisher (level 4, -3/40 HPs)
             Began as a Hill Orc Fighter on Mar 30, 2022.
             Killed by nerve-wracking pain
             ... invoked by Grinder
              (7 damage)
             ... on level 3 of the Dungeon.
             The game lasted 00:05:04 (1595 turns).

Alfie the Skirmisher (Hill Orc Fighter)             Turns: 1595, Time: 00:05:05

Health: -3/40      AC:  7    Str: 19    XL:     4   Next: 73%
Magic:  4/4        EV:  7    Int:  8    God:
Gold:   167        SH:  9    Dex: 10    Spells: 3/3 levels left

rFire    + . .     SeeInvis .   a - +0 rapier
rCold    + . .     Gourm    .   c - +0 shield
rNeg     . . .     Faith    .   b - +0 scale mail
rPois    +         Spirit   .   (no helmet)
rElec    +         Reflect  .   (no cloak)
rCorr    +         Harm     .   (no gloves)
MR       .....                  (no boots)
Stlth    ..........             (no amulet)
Regen    0.2/turn               (no ring)
MPRegen  0.1/turn               (no ring)

@: resistant (expiring)
A: no striking features
a: no special abilities


You were on level 3 of the Dungeon.
You were not hungry.

You visited 1 branch of the dungeon, and saw 3 of its levels.

You collected 167 gold pieces.

Inventory:

Hand Weapons
 a - a +0 rapier (weapon)
Missiles
 h - an exploding tomahawk (quivered)
Armour
 b - a +0 scale mail (worn)
 c - a +0 shield (worn)
Scrolls
 e - a scroll of remove curse
 j - a scroll of fear {unknown}
 l - 2 scrolls of identify
 m - a scroll of fog {unknown}
 n - a scroll of noise {unknown}
 o - a scroll of enchant armour {unknown}
 q - a scroll of teleportation
 r - a scroll of magic mapping {unknown}
Potions
 d - a potion of might
Comestibles
 f - a bread ration
 p - 2 meat rations


   Skills:
 + Level 4.3 Fighting
 + Level 3.2 Short Blades
 + Level 0.5 Throwing
 + Level 3.7 Armour
 + Level 0.7 Dodging
 + Level 3.7 Shields


You had 3 spell levels left.
You didn't know any spells.

Dungeon Overview and Level Annotations

Branches:
Dungeon (3/15)

Altars:

Annotations:
D:3 Grinder


Message History

Grinder hits you but does no damage.
You closely miss Grinder.
Grinder is severely wounded.
Your transformation is almost over.
Grinder blinks!
You cannot move.
Grinder gestures at you.
You suddenly lose the ability to move!
Grinder blinks!
You can move again.
Grinder gestures at you. You resist with significant effort.
Grinder hits you but does no damage.
You feel less wooden.
Your +0 scale mail unmelds from your body.
You start to feel less resistant.
Grinder hits you but does no damage. Grinder gestures at you.
Pain shoots through your body!
You die...

##########
#########......... .
#...#......#########.!..
#.#......>..............
#.#.........########....
#.#(.....5@.# .
#<###.......# #.#
###.###(# ### #.# ..#
..# ### ####


You could see Grinder.

Vanquished Creatures
  3 adders (D:2)
  4 dart slugs
  A worm (D:2)
  3 leopard geckos
  6 bats
  2 giant cockroaches
  10 goblins
  7 hobgoblins
  6 jackals
  2 kobolds
  3 frilled lizards
  9 rats
56 creatures vanquished.

Notes
Turn   | Place    | Note
-------+----------+-------------------------------------------
     0 | D:1      | Alfie the Hill Orc Fighter began the quest for the Orb.
     0 | D:1      | Reached XP level 1. HP: 19/19 MP: 1/1
    56 | D:1      | Reached XP level 2. HP: 22/27 MP: 2/2
   182 | D:1      | Reached skill level 4 in Fighting
   318 | D:1      | Reached XP level 3. HP: 33/33 MP: 3/3
  1015 | D:2      | Reached XP level 4. HP: 26/40 MP: 4/4
  1516 | D:3      | Noticed Grinder
  1517 | D:3      | Paralysed by Grinder for 5 turns
  1539 | D:3      | Paralysed by Grinder for 4 turns
  1556 | D:3      | HP: 1/40 [Grinder (2)]
  1558 | D:3      | Paralysed by Grinder for 3 turns
  1564 | D:3      | Paralysed by Grinder for 5 turns
  1576 | D:3      | HP: 2/60 [Grinder (3)]
  1586 | D:3      | Paralysed by Grinder for 5 turns
  1595 | D:3      | Killed from afar by Grinder

Skill      XL: |  1  2  3  4 |
---------------+-------------+-----
Fighting       | 4 |  4.3
Short Blades   | 3 |  3.2
Throwing       | |  0.5
Armour         | |  3.7
Dodging        | |  0.7
Shields        | |  3.7

Action                   |  1- 3 |  4- 6 || total
-------------------------+-------+-------++-------
Melee: Rapier            |   134 |    83 ||   217
Throw: Tomahawk          |     3 |     4 ||     7
  Use: Scroll            |     1 |     2 ||     3
       Potion            |       |     3 ||     3
  Eat: Bread ration      |       |     1 ||     1
Armor: Scale mail        |    51 |    35 ||    86
       Skin              |       |    16 ||    16
Dodge: Dodged            |    50 |    27 ||    77
Block: Shield            |    70 |    54 ||   124
